 Dungeon Crawl Stone Soup version 0.30.1-4-g462c640d31 (webtiles) character file.

Game seed: 11248262945602665534

63 SunnyYharnam the Trooper (level 3, -1/35 HPs)
             Began as a Minotaur Berserker on Aug 28, 2023.
             Was a Believer of Trog.
             Slain by a gnoll
             ... wielding a +0 spear
              (5 damage)
             ... on level 2 of the Dungeon on Aug 29, 2023.
             The game lasted 00:16:43 (899 turns).

SunnyYharnam the Trooper (Minotaur Berserker)        Turns: 899, Time: 00:16:43

Health: -1/35      AC:  5    Str: 23    XL:     3   Next: 89%
Magic:  2/2        EV: 11    Int:  4    God:    Trog [**....]
Gold:   48         SH:  0    Dex:  9    Spells: 2/2 levels left

rFire   . . .        a - +0 hand axe
rCold   . . .        (no shield)
rNeg    . . .        c - +0 ring mail
rPois   .            (helmet restricted)
rElec   .            (no cloak)
rCorr   .            (no gloves)
SInv    .            (no boots)
Will    .....        (no amulet) Stlth
                     (no ring)
HPRegen 0.25/turn    (no ring)
MPRegen 0.08/turn

%: no passive effects
@: on berserk cooldown, slowed, very slow
A: horns 2, retaliatory headbutt
a: Renounce Religion, Berserk, Trog's Hand


You were on level 2 of the Dungeon.
You worshipped Trog.
Trog was pleased with you.
You visited 1 branch of the dungeon, and saw 2 of its levels.

You collected 48 gold pieces.

Inventory:

Hand Weapons
 a - a +0 hand axe (weapon)
Missiles
 h - 3 boomerangs (quivered)
Armour
 b - a +0 animal skin
 c - a +0 ring mail (worn)
 i - a +2 robe of resistance
 j - a +0 helmet
Scrolls
 d - a scroll of teleportation {unknown}
 e - a scroll of brand weapon {unknown}
 f - a scroll of identify {unknown}
 k - a scroll of acquirement {unknown}
Potions
 g - a potion of mutation {unknown}
 l - a potion of flight {unknown}


   Skills:
 + Level 4.9 Fighting
 + Level 4.8 Axes
 - Level 2.4 Armour
 - Level 2.1 Dodging


You had 2 spell levels left.
You didn't know any spells.
Your spell library contained the following spells:

 Spells                   Type           Power      Damage    Failure   Level
 Dazzling Flash           Conj/Hex       0%         N/A       95%         3
 Agony                    Necr           0%         N/A       100%        5
 Silence                  Hex/Air        0%         N/A       100%        5


Dungeon Overview and Level Annotations

Branches:
Dungeon (2/15)

Altars:


Innate Abilities, Weirdness & Mutations

You have a pair of horns on your head.
You reflexively headbutt those who attack you in melee.


Message History

The endoplasm is almost dead.
The endoplasm barely misses you. The gnoll barely misses you.
You hit the endoplasm.
You kill the endoplasm!
Trog accepts your kill.
The gnoll hits you from afar with a +0 spear.
You are too berserk!
You feel a strong urge to attack something.
The gnoll hits you from afar with a +0 spear.
The gnoll barely misses you. x2; The gnoll closely misses you.
You furiously retaliate!
You headbutt the gnoll! You slash the gnoll!
You kill the gnoll!
Trog accepts your kill. The gnoll completely misses you.
The gnoll hits you with a +0 spear!
* * * LOW HITPOINT WARNING * * *
The gnoll barely misses you.
You see here a +0 spear.
You slash the gnoll!
You kill the gnoll!
Trog accepts your kill.
You can now call upon Trog for regeneration and willpower.
You slash the gnoll! The gnoll completely misses you.
The gnoll barely misses you.
You barely miss the gnoll. Your headbutt misses the gnoll.
The gnoll is severely wounded.
You slash the gnoll!
You kill the gnoll!
Trog accepts your kill. The gnoll barely misses you.
You are no longer berserk.
You are exhausted.
You feel yourself slow down. The gnoll hits you with a +0 spear.
* * * LOW HITPOINT WARNING * * *
You see here a +0 halberd.
You closely miss the gnoll. The gnoll closely misses you.
You hit the gnoll.
The gnoll is moderately wounded.
The gnoll hits you with a +0 spear.
You die...

#.# #.# #.# #.# #.#
#<######## #. #.# #.........
#####. #.# #########. ......
#.# #. #.....#####.###### #.
...........)##...# #.
..........g@)..#.##########.
........##.###...).......†..
#.....#.##.# #####.####.####
##...##J##†# #.# #.#
##.##.g.#.# #.# #.# #.
#.g.#.# #.# #.# # #...#.#
#.# #.# #J..g.....# #.# #.#
#.gg...$.....# #.# #.#


You could see a gnoll.

Vanquished Creatures
  3 gnolls (D:2)
  An adder (D:2)
  2 ball pythons
  3 endoplasms
  2 giant cockroaches
  A goblin (D:2)
  2 hobgoblins (D:1)
  A quokka (D:1)
  3 bats
  4 frilled lizards
  5 rats
27 creatures vanquished.

Notes
Turn   | Place    | Note
-------+----------+-------------------------------------------
     0 | D:1      | SunnyYharnam the Minotaur Berserker began the quest for the
                  | Orb.
     0 | D:1      | Reached XP level 1. HP: 19/19 MP: 0/0
   307 | D:1      | Reached XP level 2. HP: 25/27 MP: 1/1
   793 | D:2      | Reached XP level 3. HP: 33/34 MP: 2/2
   894 | D:2      | Reached ** piety under Trog
   899 | D:2      | Slain by a gnoll

Illustrated notes

Levels and vault maps discovered:
D:1:      zelgadis_glass_arrival_small, layout_loops_ring,
          chequers_serial_rivers_room_a, chequers_serial_rivers_micro_e
D:2:      layout_loops_ring

Skill      XL: |  1 |
---------------+----+-----
Fighting       | 4 |  4.9
Axes           | 4 |  4.8
Armour         | |  2.4
Dodging        | |  2.1

Action                     || total
---------------------------++-------
  Melee: Hand axe          ||    51
         Headbutt          ||     9
         Punch             ||     1
  Throw: Boomerang         ||     2
 Invoke: Berserk           ||     2
 Armour: Ring mail         ||    10
  Dodge: Dodged            ||    33
